General information
			
			
        
        - name: BNet
 
        - type: Ladder team game (AT/RT)
 
        - host: Battle.net
 
        - saver: TIMG4STRok
 
        
map: Friends 
        - players: 8
 
        - length: 23:30
 
        - speed: Fast
 - version: 1.22 W3XP
 - replay type:  

 
» download(271 KB)
Players
        team 1 (winner) 
              
              
298739283939208 (
pink | 99 APM | 2325 actions | 23:29)
              
 4 Priestess of the Moon 
 2 Trueshot Aura
 2 Searing Arrows
 
                » actions 
                
                | Assign group hotkey | 70 |  | 
| Basic commands | 18 |  | 
| Build / train | 53 |  | 
| ESC pressed | 1 |  | 
| Enter build submenu | 12 |  | 
| Enter hero's abilities submenu | 4 |  | 
| Remove unit from queue | 2 |  | 
| Right click | 1063 |  | 
| Select / deselect | 480 |  | 
| Select group hotkey | 582 |  | 
| Use ability | 40 |  | 
                2325 total
 » units 
                » upgrades
                
                | Strength of the Moon | 1 |  | 
| Moon Armor | 1 |  | 
                2 total
 » buildings
                
                | Altar of Elders | 1 |  | 
| Moon Well | 4 |  | 
| Hunter's Hall | 1 |  | 
| Ancient of War | 2 |  | 
| Tree of Ages | 1 |  | 
                9 total
 » build order
                00:11 Altar of Elders
00:21 Moon Well
01:44 Hunter's Hall
01:46 Ancient of War
02:08 Ancient of War
02:22 Moon Well
03:00 Moon Well
08:09 Moon Well
18:37 Tree of Ages
» items
                
                | Potion of Healing | 2 |  | 
| Rod of Necromancy | 1 |  | 
| Scroll of Town Portal | 3 |  | 
| Scroll of Regeneration | 1 |  | 
| Scroll of Healing | 2 |  | 
                9 total
  
               
              
              
» 
kunt.roII (
red | 139 APM | 3259 actions | 23:29)
              
 5 Mountain King 
 3 Storm Bolt
 2 Bash
 4 Paladin 
 2 Holy Light
 2 Divine Shield
 
                » actions 
                
                | Assign group hotkey | 57 |  | 
| Basic commands | 65 |  | 
| Build / train | 71 |  | 
| ESC pressed | 2 |  | 
| Enter build submenu | 22 |  | 
| Enter hero's abilities submenu | 9 |  | 
| Give item / drop item | 2 |  | 
| Right click | 1354 |  | 
| Select / deselect | 546 |  | 
| Select group hotkey | 1012 |  | 
| Use ability | 119 |  | 
                3259 total
 » units 
                
                | Peasant | 8 |  | 
| Footman | 6 |  | 
| Sorceress | 6 |  | 
| Priest | 3 |  | 
| Spell Breaker | 6 |  | 
| Goblin Zeppelin | 1 |  | 
| Goblin Sapper | 5 |  | 
                35 total
 » upgrades
                
                | Sorceress Training | 2 |  | 
| Control Magic | 1 |  | 
| Priest Training | 2 |  | 
                5 total
 » buildings
                
                | Altar of Kings | 1 |  | 
| Farm | 11 |  | 
| Barracks | 2 |  | 
| Arcane Vault | 1 |  | 
| Keep | 1 |  | 
| Lumber Mill | 1 |  | 
| Arcane Sanctum | 3 |  | 
| Castle | 2 |  | 
| Town Hall | 1 |  | 
                23 total
 » build order
                00:14 Altar of Kings
00:23 Farm
00:27 Barracks
00:31 Barracks
00:52 Farm
01:45 Arcane Vault
02:31 Farm
03:27 Keep
03:35 Lumber Mill
04:09 Farm
04:35 Farm
04:36 Farm
06:28 Arcane Sanctum
06:29 Arcane Sanctum
07:02 Farm
11:33 Castle
11:33 Castle
11:35 Arcane Sanctum
11:38 Farm
11:38 Farm
15:28 Farm
21:36 Town Hall
» items
                
                | Scroll of Regeneration | 2 |  | 
| Lesser Clarity Potion | 4 |  | 
| Potion of Mana | 2 |  | 
| Staff of Sanctuary | 4 |  | 
| Scroll of Town Portal | 3 |  | 
                15 total
  
               
              
              
TALONSAREIMBA (
orange | 125 APM | 2926 actions | 23:29)
              
 6 Death Knight 
 3 Death Coil
 2 Unholy Aura
 1 Death Pact
 4 Lich 
 2 Frost Nova
 2 Dark Ritual
 3 Dreadlord 
 2 Sleep
 1 Carrion Swarm
 
                » actions 
                
                | Assign group hotkey | 37 |  | 
| Basic commands | 341 |  | 
| Build / train | 62 |  | 
| ESC pressed | 1 |  | 
| Enter build submenu | 16 |  | 
| Enter hero's abilities submenu | 13 |  | 
| Give item / drop item | 1 |  | 
| Right click | 1268 |  | 
| Select / deselect | 554 |  | 
| Select group hotkey | 515 |  | 
| Use ability | 118 |  | 
                2926 total
 » units 
                
                | Acolyte | 2 |  | 
| Ghoul | 1 |  | 
| Crypt Fiend | 9 |  | 
| Frost Wyrm | 7 |  | 
| Mud Golem | 1 |  | 
                20 total
 » upgrades
                
                | Burrow | 1 |  | 
| Creature Attack | 2 |  | 
| Creature Carapace | 1 |  | 
                4 total
 » buildings
                
                | Crypt | 1 |  | 
| Graveyard | 1 |  | 
| Altar of Darkness | 1 |  | 
| Ziggurat | 7 |  | 
| Tomb of Relics | 3 |  | 
| Nerubian Tower | 1 |  | 
| Halls of the Dead | 2 |  | 
| Black Citadel | 2 |  | 
| Sacrificial Pit | 1 |  | 
| Boneyard | 2 |  | 
                21 total
 » build order
                00:06 Crypt
00:19 Graveyard
00:31 Altar of Darkness
00:48 Ziggurat
01:15 Tomb of Relics
01:20 Tomb of Relics
01:59 Ziggurat
02:43 Nerubian Tower
04:32 Halls of the Dead
05:29 Ziggurat
07:05 Ziggurat
07:40 Black Citadel
07:41 Black Citadel
09:19 Ziggurat
09:20 Sacrificial Pit
09:21 Ziggurat
10:42 Boneyard
11:41 Boneyard
15:00 Ziggurat
18:42 Tomb of Relics
» items
                
                | Rod of Necromancy | 1 |  | 
| Potion of Mana | 4 |  | 
| Potion of Healing | 3 |  | 
| Orb of Corruption | 2 |  | 
| Scroll of Town Portal | 7 |  | 
                17 total
  
               
              
              
» 
TIMG4STRok (
green | 161 APM | 3778 actions | 23:30)
              
 5 Tauren Chieftain 
 3 Shockwave
 2 Endurance Aura
 4 Shadow Hunter 
 2 Hex
 2 Healing Wave
 
                » actions 
                
                | Assign group hotkey | 30 |  | 
| Basic commands | 129 |  | 
| Build / train | 71 |  | 
| Enter build submenu | 26 |  | 
| Enter hero's abilities submenu | 9 |  | 
| Give item / drop item | 2 |  | 
| Right click | 1622 |  | 
| Select / deselect | 294 |  | 
| Select group hotkey | 1450 |  | 
| Use ability | 145 |  | 
                3778 total
 » units 
                
                | Peon | 7 |  | 
| Grunt | 4 |  | 
| Raider | 9 |  | 
| Forest Troll Shadow Priest | 1 |  | 
| Mud Golem | 1 |  | 
| Demolisher | 2 |  | 
                24 total
 » upgrades
                
                | Ensnare | 1 |  | 
| Pillage | 1 |  | 
| Burning Oil | 1 |  | 
| Melee Weapons | 1 |  | 
| Ranged Weapons | 1 |  | 
| Reinforced Defenses | 1 |  | 
| Spiked Barricades | 1 |  | 
| Armor | 2 |  | 
| Envenomed Spears | 1 |  | 
| Liquid Fire | 1 |  | 
| War Drums Damage Increase | 1 |  | 
                12 total
 » buildings
                
                | Altar of Storms | 1 |  | 
| Orc Burrow | 7 |  | 
| Barracks | 1 |  | 
| Stronghold | 1 |  | 
| Voodoo Lounge | 1 |  | 
| Beastiary | 2 |  | 
| Fortress | 1 |  | 
| War Mill | 1 |  | 
| Watch Tower | 14 |  | 
| Great Hall | 1 |  | 
                30 total
 » build order
                00:06 Altar of Storms
00:15 Orc Burrow
00:48 Barracks
01:30 Orc Burrow
02:45 Stronghold
03:08 Voodoo Lounge
05:49 Beastiary
05:51 Orc Burrow
05:53 Beastiary
07:00 Orc Burrow
10:01 Fortress
11:43 War Mill
15:51 Watch Tower
15:52 Watch Tower
15:52 Watch Tower
15:53 Watch Tower
16:07 Watch Tower
16:09 Watch Tower
16:17 Watch Tower
16:19 Watch Tower
16:23 Watch Tower
16:23 Watch Tower
21:04 Orc Burrow
21:05 Orc Burrow
21:06 Orc Burrow
21:27 Great Hall
21:30 Watch Tower
21:31 Watch Tower
21:32 Watch Tower
21:33 Watch Tower
» items
                
                | Healing Salve | 6 |  | 
| Lesser Clarity Potion | 9 |  | 
| Scroll of Speed | 2 |  | 
| Potion of Healing | 1 |  | 
| Scroll of Town Portal | 2 |  | 
| Orb of Lightning | 1 |  | 
| Potion of Mana | 1 |  | 
                22 total
  
               team 2 (loser) 
              
              
Jenna (
teal | 80 APM | 1854 actions | 23:18)
              
 4 Paladin 
 2 Holy Light
 2 Devotion Aura
 3 Archmage 
 1 Summon Water Elemental
 2 Brilliance Aura
 2 Mountain King 
 1 Storm Bolt
 1 Bash
 
                » actions 
                
                | Assign group hotkey | 17 |  | 
| Basic commands | 112 |  | 
| Build / train | 76 |  | 
| ESC pressed | 10 |  | 
| Enter build submenu | 31 |  | 
| Enter hero's abilities submenu | 9 |  | 
| Right click | 703 |  | 
| Select / deselect | 516 |  | 
| Select group hotkey | 216 |  | 
| Use ability | 164 |  | 
                1854 total
 » units 
                
                | Peasant | 20 |  | 
| Rifleman | 16 |  | 
| Mortar Team | 9 |  | 
                45 total
 » upgrades
                
                | Long Rifles | 1 |  | 
| Gunpowder | 4 |  | 
| Fragmentation Shards | 1 |  | 
| Flare | 1 |  | 
| Armor | 1 |  | 
                8 total
 » buildings
                
                | Altar of Kings | 1 |  | 
| Blacksmith | 1 |  | 
| Barracks | 2 |  | 
| Farm | 13 |  | 
| Lumber Mill | 1 |  | 
| Keep | 1 |  | 
| Arcane Vault | 2 |  | 
| Scout Tower | 6 |  | 
| Castle | 1 |  | 
| Guard Tower | 2 |  | 
| Workshop | 2 |  | 
                32 total
 » build order
                00:20 Altar of Kings
00:35 Blacksmith
00:53 Barracks
00:56 Barracks
01:14 Farm
01:22 Farm
01:59 Farm
02:10 Farm
02:30 Lumber Mill
04:09 Keep
04:22 Farm
04:31 Arcane Vault
04:34 Scout Tower
07:07 Arcane Vault
07:09 Farm
07:30 Farm
09:33 Scout Tower
09:35 Scout Tower
10:00 Castle
10:17 Guard Tower
11:51 Farm
11:53 Workshop
11:56 Workshop
11:57 Farm
13:15 Farm
13:51 Farm
14:51 Farm
18:44 Farm
19:46 Scout Tower
19:47 Scout Tower
19:48 Scout Tower
20:14 Guard Tower
» items
                
                | Lesser Clarity Potion | 5 |  | 
| Scroll of Regeneration | 1 |  | 
| Scroll of Town Portal | 1 |  | 
                7 total
  
               
              
              
milady5 (
purple | 32 APM | 757 actions | 23:29)
              
 4 Tauren Chieftain 
 2 War Stomp
 2 Endurance Aura
 3 Shadow Hunter 
 2 Healing Wave
 1 Hex
 
                » actions 
                
                | Assign group hotkey | 34 |  | 
| Basic commands | 82 |  | 
| Build / train | 52 |  | 
| ESC pressed | 2 |  | 
| Enter build submenu | 14 |  | 
| Enter hero's abilities submenu | 7 |  | 
| Right click | 130 |  | 
| Select / deselect | 161 |  | 
| Select group hotkey | 204 |  | 
| Use ability | 71 |  | 
                757 total
 » units 
                
                | Peon | 7 |  | 
| Grunt | 15 |  | 
| Spirit Walker | 1 |  | 
| Tauren | 5 |  | 
| Shaman | 2 |  | 
                30 total
 » upgrades
                
                | Berserker Strength | 1 |  | 
| Pillage | 1 |  | 
| Shaman Training | 2 |  | 
| Witch Doctor Training | 2 |  | 
| Armor | 2 |  | 
| Spirit Walker Training | 2 |  | 
| Melee Weapons | 1 |  | 
                11 total
 » buildings
                
                | Altar of Storms | 1 |  | 
| Barracks | 1 |  | 
| Orc Burrow | 6 |  | 
| Stronghold | 1 |  | 
| Voodoo Lounge | 1 |  | 
| Spirit Lodge | 1 |  | 
| Fortress | 1 |  | 
| War Mill | 1 |  | 
| Tauren Totem | 2 |  | 
                15 total
 » build order
                00:22 Altar of Storms
00:38 Barracks
00:53 Orc Burrow
01:49 Orc Burrow
03:03 Stronghold
03:49 Orc Burrow
04:45 Voodoo Lounge
07:02 Orc Burrow
07:06 Spirit Lodge
09:25 Fortress
09:28 War Mill
10:58 Orc Burrow
11:45 Orc Burrow
13:30 Tauren Totem
13:35 Tauren Totem
 
               
              
              
milla (
yellow | 112 APM | 2610 actions | 23:15)
              
 2 Demon Hunter 
 1 Mana Burn
 1 Evasion
 3 Naga Sea Witch 
 1 Frost Arrows
 2 Forked Lightning
 
                » actions 
                
                | Assign group hotkey | 28 |  | 
| Basic commands | 106 |  | 
| Build / train | 51 |  | 
| ESC pressed | 2 |  | 
| Enter build submenu | 15 |  | 
| Enter hero's abilities submenu | 5 |  | 
| Give item / drop item | 6 |  | 
| Right click | 940 |  | 
| Select / deselect | 526 |  | 
| Select group hotkey | 832 |  | 
| Use ability | 98 |  | 
                2610 total
 » units 
                
                | Wisp | 16 |  | 
| Archer | 5 |  | 
| Forest Troll Shadow Priest | 2 |  | 
| Dryad | 5 |  | 
                28 total
 » upgrades
                
                | Ultravision | 1 |  | 
| Abolish Magic | 1 |  | 
| Strength of the Wild | 1 |  | 
                3 total
 » buildings
                
                | Altar of Elders | 1 |  | 
| Moon Well | 4 |  | 
| Ancient of War | 1 |  | 
| Tree of Ages | 2 |  | 
| Hunter's Hall | 1 |  | 
| Tree of Eternity | 1 |  | 
| Ancient of Lore | 2 |  | 
| Ancient of Wonders | 1 |  | 
| Tree of Life | 2 |  | 
                15 total
 » build order
                00:07 Altar of Elders
00:18 Moon Well
00:31 Ancient of War
02:08 Moon Well
03:16 Tree of Ages
04:08 Moon Well
05:20 Hunter's Hall
06:32 Tree of Eternity
06:36 Ancient of Lore
06:40 Ancient of Lore
07:33 Ancient of Wonders
09:15 Moon Well
11:19 Tree of Life
15:42 Tree of Life
» items
                
                | Moonstone | 1 |  | 
| Dust of Appearance | 1 |  | 
| Lesser Clarity Potion | 1 |  | 
                3 total
  
               
              
              
z3ta (
blue | 105 APM | 2447 actions | 23:19)
              
 4 Death Knight 
 2 Death Coil
 2 Unholy Aura
 5 Lich 
 3 Frost Nova
 2 Dark Ritual
 3 Crypt Lord 
 2 Impale
 1 Spiked Carapace
 
                » actions 
                
                | Assign group hotkey | 101 |  | 
| Basic commands | 282 |  | 
| Build / train | 58 |  | 
| ESC pressed | 3 |  | 
| Enter build submenu | 19 |  | 
| Enter hero's abilities submenu | 13 |  | 
| Give item / drop item | 3 |  | 
| Right click | 734 |  | 
| Select / deselect | 415 |  | 
| Select group hotkey | 707 |  | 
| Use ability | 112 |  | 
                2447 total
 » units 
                
                | Acolyte | 7 |  | 
| Ghoul | 6 |  | 
| Crypt Fiend | 9 |  | 
| Obsidian Statue | 3 |  | 
| Abomination | 5 |  | 
| Goblin Zeppelin | 1 |  | 
                31 total
 » upgrades
                » buildings
                
                | Graveyard | 1 |  | 
| Crypt | 1 |  | 
| Altar of Darkness | 1 |  | 
| Ziggurat | 6 |  | 
| Tomb of Relics | 1 |  | 
| Halls of the Dead | 1 |  | 
| Slaughterhouse | 1 |  | 
| Black Citadel | 1 |  | 
                13 total
 » build order
                00:08 Graveyard
00:12 Crypt
00:44 Altar of Darkness
00:58 Ziggurat
01:40 Tomb of Relics
02:03 Ziggurat
04:06 Halls of the Dead
06:00 Ziggurat
07:41 Slaughterhouse
09:18 Black Citadel
09:46 Ziggurat
12:21 Ziggurat
15:19 Ziggurat
» items
                
                | Dust of Appearance | 1 |  | 
| Rod of Necromancy | 3 |  | 
| Staff of Sanctuary | 1 |  | 
| Scroll of Town Portal | 1 |  | 
| Orb of Corruption | 1 |  | 
| Potion of Healing | 1 |  | 
                8 total
  
                Chat log
          (00:05 / All) kunt.roII: GL HF
(04:45 / All) TALONSAREIMBA: gg
(04:46 / All) TALONSAREIMBA: faggots
(16:18 / Allies) kunt.roII: l;ets hit
(19:48 / All) TALONSAREIMBA: gg faggots
(19:51 / All) TALONSAREIMBA: t.t